 Dungeon Crawl Stone Soup version 0.31-a0-167-g1c394c0614 (webtiles) character file.

Game seed: 4331038926415651256

85 qw the Chopper (level 4, -4/28 HPs)
             Began as a Gargoyle Fighter on June 14, 2023.
             Slain by Ijyb
             ... wielding a +0 club
              (6 damage)
             ... on level 3 of the Dungeon.
             The game lasted 00:01:05 (1606 turns).

qw the Chopper (Gargoyle Fighter)                   Turns: 1606, Time: 00:01:06

Health: -4/28      AC:  0    Str: 21    XL:     4   Next: 48%
Magic:  4/4        EV: 13    Int:  7    God:
Gold:   118        SH:  0    Dex:  9    Spells: 3/3 levels left

rFire   . . .        Y - melded +0 war axe
rCold   . . .        c - melded +0 buckler
rNeg    + . .        b - melded +0 scale mail
rPois   inf          (helmet currently unavailable)
rElec   .            (cloak currently unavailable)
rCorr   .            e - melded +2 pair of gloves
SInv    .            (boots currently unavailable)
Will    .....        (no amulet)
Stlth   +            f - melded ring of resist corrosion
HPRegen 0.24/turn    (ring currently unavailable)
MPRegen 0.09/turn

%: no passive effects
@: pig-form, very quick
A: fast, no casting, sickness immunity, AC +3, small, negative energy resistance
1, (electricity resistance), torment resistance 1, petrification resistance,
(iridescent scales 1), dopey 1
a: no special abilities


You were on level 3 of the Dungeon.
You were a filthy swine.
You visited 1 branch of the dungeon, and saw 3 of its levels.

You collected 118 gold pieces.


Innate Abilities, Weirdness & Mutations

You are a filthy swine.
You move quickly.
Your equipment is almost entirely melded.
You are incapable of wielding weapons or throwing items.
You cannot cast spells.
You are immune to sickness and miasma.
((Your stone body is resilient. (AC +3)))
You are immune to poison.
You resist negative energy. (rN+)
((You are resistant to electric shocks. (rElec)))
You are resistant to unholy torment.
You are immune to petrification.
((You are partially covered in iridescent scales. (AC +2)))
You are dopey. (Int -2)


   Skills:
 - Level 3.2 Fighting
 + Level 4.1 Axes
 - Level 3.2 Armour
 - Level 3.2 Shields


You had 3 spell levels left.
You didn't know any spells.
Your spell library was empty.

Inventory:

Hand Weapons
 h - a +0 whip
 Y - a +0 war axe (melded)
Armour
 b - a +0 scale mail (melded)
 c - a +0 buckler (melded)
 e - a +2 pair of gloves (melded)
 j - a +0 scale mail of poison resistance
Jewellery
 f - a ring of resist corrosion (melded)
Scrolls
 a - 2 scrolls of identify
Potions
 d - a potion of might
 g - a potion of mutation
 i - a potion of curing {unknown}

Dungeon Overview and Level Annotations

Branches:
Dungeon (3/15)

Altars:

Annotations:
D:3 Ijyb


Message History

The quokka closely misses you.
You barely miss the quokka. The quokka bites you.
You slash the quokka!
You kill the quokka!
You start resting.
HP restored.
Found a stone staircase leading up.
Enter note:
Enter note: Ijyb the Twisted Goblin comes into view.
She is wielding a +0 club, wearing a +2 chain mail of fire resistance and carrying a wand of polymorph (1).
You hear the slow rusting of a drain nearby.
Ijyb shouts!
Enter note:
Enter note: A giant cockroach comes into view.
Ijyb zaps a wand.
You turn into a filthy swine.
Your +0 war axe melds into your body.
Your +2 pair of gloves melds into your body.
Your +0 buckler melds into your body.
Your +0 scale mail melds into your body.
Your ring of resist corrosion melds into your body.
The now-empty wand crumbles to dust.
There is a shaft here.
Enter note:
Enter note: You hit Ijyb but do no damage.
The giant cockroach barely misses you. Ijyb hits you with a +0 club.
You hit Ijyb but do no damage. The giant cockroach closely misses you.
Ijyb hits you with a +0 club!
You hit Ijyb but do no damage. The giant cockroach bites you.
Ijyb barely misses you. The giant cockroach bites you.
You hit Ijyb but do no damage. Ijyb hits you with a +0 club.
The giant cockroach bites you.
You hit Ijyb but do no damage. The giant cockroach barely misses you.
Ijyb hits you with a +0 club!
You hit Ijyb but do no damage. The giant cockroach misses you.
Ijyb hits you with a +0 club.
You die...

...........#.
.#..##.##..............
...##..#...#..........
.##..................#
......######.........##
..###.# ##..........#
..##..# ##...........##
..##.## #......Bg......
#.#..# ##.......h....#
.....#....#####......###.
#.#....# #..........
#.#.############.######..
.....# ##........#
.....###..########
.........## .....#####
.....#


You could see Ijyb and a giant cockroach.

Vanquished Creatures
  A gnoll (D:1)
  2 adders
  2 worms
  5 ball pythons
  4 endoplasms
  2 giant cockroaches
  6 goblins
  5 hobgoblins
  3 jackals (D:3)
  4 kobolds
  2 quokkas (D:3)
  4 bats
  2 frilled lizards (D:2)
  4 rats
46 creatures vanquished.

Notes
Turn   | Place    | Note
-------+----------+-------------------------------------------
     0 | D:1      | qw the Gargoyle Fighter began the quest for the Orb.
     0 | D:1      | Reached XP level 1. HP: 14/14 MP: 1/1
     0 | D:1      | 0 ||| qw: Version: 0.2-a-29-g1fa15c8
     0 | D:1      | 0 ||| qw: Game counter: 4870
     0 | D:1      | 0 ||| qw: Always use a shield: true
     0 | D:1      | 0 ||| qw: God list: Okawaru
     0 | D:1      | 0 ||| qw: Allow faded altars: false
     0 | D:1      | 0 ||| qw: Do Orc after D:15 true
     0 | D:1      | 0 ||| qw: Do second Lair branch before Depths: true
     0 | D:1      | 0 ||| qw: Lair rune preference: random
     0 | D:1      | 0 ||| qw: Plans: Normal, Zot:1-4, Slime:5, God:TSO, Crypt,
                  | Tomb, Abyss, Pan, Hells, Win
     0 | D:1      | 0 ||| PLANNING D:1-11
    28 | D:1      | Reached skill level 2 in Axes
    91 | D:1      | Reached XP level 2. HP: 19/19 MP: 2/2
   207 | D:1      | 207 ||| Stepping ~*~*~tactically~*~*~ (hiding).
   209 | D:1      | 209 ||| Stepping ~*~*~tactically~*~*~ (hiding).
   320 | D:1      | 320 ||| DROPPING +0 club.
   363 | D:1      | Reached skill level 3 in Axes
   363 | D:1      | Reached XP level 3. HP: 12/23 MP: 3/3
   531 | D:1      | Found a faded altar of an unknown god.
   674 | D:1      | 674 ||| READING 3 scrolls labelled JAECUOX ILI SEME.
   675 | D:1      | 675 ||| READING scroll labelled MIGGUS GIRUCW.
   676 | D:1      | 676 ||| READING scroll labelled HAZXOG GIPO.
   677 | D:1      | 677 ||| READING scroll labelled OMNOCK TAECEV.
   678 | D:1      | 678 ||| DRINKING 2 ruby potions.
   678 | D:1      | Gained mutation: You are dopey. (Int -2) [potion of
                  | mutation]
   678 | D:1      | Gained mutation: You are partially covered in iridescent
                  | scales. (AC +2) [potion of mutation]
   679 | D:1      | 679 ||| READING 2 scrolls of identify.
   679 | D:1      | 679 ||| IDENTIFYING purple potion
   680 | D:1      | 680 ||| DROPPING potion of brilliance.
  1095 | D:2      | Reached XP level 4. HP: 26/28 MP: 4/4
  1125 | D:2      | 1125 ||| Stepping ~*~*~tactically~*~*~ (hiding).
  1413 | D:2      | 1413 ||| UPGRADING to +2 pair of gloves.
  1418 | D:2      | 1418 ||| UPGRADING to ring of resist corrosion.
  1419 | D:2      | 1419 ||| READING scroll labelled FELOIQ TAITO.
  1420 | D:2      | 1420 ||| READING scroll labelled TINUIL GARACE.
  1421 | D:2      | 1421 ||| READING scroll labelled RAITYI SOATA.
  1457 | D:3      | 1457 ||| PLANNING SEWER
  1465 | D:3      | 1465 ||| Stepping ~*~*~tactically~*~*~ (stealth).
  1479 | D:3      | 1479 ||| Stepping ~*~*~tactically~*~*~ (stealth).
  1489 | D:3      | Reached skill level 4 in Axes
  1495 | D:3      | 1495 ||| Stepping ~*~*~tactically~*~*~ (stealth).
  1497 | D:3      | 1497 ||| Stepping ~*~*~tactically~*~*~ (stealth).
  1532 | D:3      | 1532 ||| Stepping ~*~*~tactically~*~*~ (stealth).
  1595 | D:3      | Noticed Ijyb
  1605 | D:3      | HP: 2/28 [Ijyb/+0 club (7)]
  1606 | D:3      | Slain by Ijyb

Levels and vault maps discovered:
D:1:      amcnicky_arrival_underground_garden, layout_rooms,
          shapermc_ecumenical_altar_petra, dreamdust_mushroom_princess
D:2:      layout_loops_ring
D:3:      layout_rooms, evilmike_ruin_ashenzari,
          mainiacjoe_overflow_surrounded_room, gup_sewer_entry_bowl, uniq_ijyb

Skill      XL: |  1  2  3  4 |
---------------+-------------+-----
Axes           | 2 3 4 |  4.1
Fighting       | |  3.2
Armour         | |  3.2
Shields        | |  3.2

Action                     |  1- 3 |  4- 6 || total
---------------------------+-------+-------++-------
  Melee: War axe           |   117 |    51 ||   168
         Unarmed           |       |     6 ||     6
    Use: Scroll            |     5 |     3 ||     8
         Potion            |     1 |       ||     1
 Armour: Scale mail        |    61 |    20 ||    81
  Dodge: Dodged            |    49 |    33 ||    82
  Block: Buckler           |    28 |    17 ||    45

Table legend:
 A = Non-vault XP
 B = Vault XP
 C = Vault XP percentage of total XP
 D = Non-vault monster count
 E = Vault monster count
 F = Vault count percentage of total count
                 A         B        C        D         E       F
            +---------+---------+-------+---------+---------+-------
      Total |     122 |       0 |   0.0 |      46 |       0 |   0.0
            +---------+---------+-------+---------+---------+-------
        D:1 |      48 |       0 |   0.0 |      21 |       0 |   0.0
        D:2 |      41 |       0 |   0.0 |      15 |       0 |   0.0
        D:3 |      33 |       0 |   0.0 |      10 |       0 |   0.0
            +---------+---------+-------+---------+---------+-------
